 Dungeon Crawl Stone Soup version 0.26-a0-84-g8c18429211 (webtiles) character file.

Game seed: 13888876947406501223

66 MrRokkomies the Ducker (level 3, 0/19 HPs)
             Began as a Spriggan Abyssal Knight on June 18, 2020.
             Was a Follower of Lugonu.
             Succumbed to an adder's poison
             ... on level 2 of the Dungeon.
             The game lasted 00:05:44 (1924 turns).

MrRokkomies the Ducker (Spriggan Abyssal Knight)    Turns: 1924, Time: 00:05:45

Health: 0/19       AC:  3    Str:  8    XL:     3   Next: 96%
Magic:  6/6        EV: 19    Int: 14    God:    Lugonu [*.....]
Gold:   38         SH:  0    Dex: 15    Spells: 2/2 levels left

rFire    . . .     SeeInvis +   j - -3 dagger (curse)
rCold    . . .     Gourm    .   (shield restricted)
rNeg     . . .     Faith    .   e - +1 robe
rPois    .         Spirit   .   (helmet restricted)
rElec    .         Reflect  .   (no cloak)
rCorr    .         Harm     .   (gloves unavailable)
MR       .....                  (boots unavailable)
Stlth    +++.......             (no amulet)
HPRegen  0.06/turn              f - ring of stealth
MPRegen  0.10/turn              (no ring)

@: mighty, lethally poisoned (0 -> -2), very quick
A: very small, unfitting armour, see invisible, herbivore, speed 3, slow
metabolism 2
a: Depart the Abyss, Renounce Religion


You were on level 2 of the Dungeon.
You worshipped Lugonu.
Lugonu was aware of your devotion.
You were not hungry.

You visited 1 branch of the dungeon, and saw 2 of its levels.
You visited the Abyss 1 time.

You collected 38 gold pieces.

Inventory:

Hand Weapons
 a - a +2 short sword
 b - a +0 hunting sling
 j - a cursed -3 dagger (weapon)
Missiles
 g - 53 stones
 i - 7 poisoned darts (quivered)
Armour
 e - a +1 robe (worn)
Jewellery
 f - a ring of stealth (left hand)
Potions
 d - a potion of cancellation
Comestibles
 c - 5 rations


   Skills:
 - Level 2.4 Fighting
 * Level 3.2 Short Blades
 + Level 4.2 Dodging
 + Level 2.1 Stealth
 * Level 2.8 Invocations


You had 2 spell levels left.
You didn't know any spells.
Your spell library was empty.

Dungeon Overview and Level Annotations

Branches:
Dungeon (2/15)

Altars:


Innate Abilities, Weirdness & Mutations

You are very small and have problems with some larger weapons.
You are too small for most types of armour.
You have supernaturally acute eyesight. (SInv)
You are a herbivore.
You cover ground extremely quickly.
You need to consume almost no food.


Message History

You puncture the adder!
You kill the adder!
Lugonu accepts your kill.
* * * LOW HITPOINT WARNING * * *
You feel sick.
You see here 2 poisoned darts.
A frilled lizard comes into view.
The frilled lizard moves out of view.
Things that are here:
a poisoned dart; a +0 club; a hobgoblin corpse
i - 4 poisoned darts (gained 1)
* * * LOW HITPOINT WARNING * * *
You feel sick.
You see here 2 poisoned darts.
i - 6 poisoned darts (gained 2)
* * * LOW HITPOINT WARNING * * *
You feel sick.
You see here a poisoned dart.
i - 7 poisoned darts (gained 1)
You die...

###..###..#b.w....
###..###.....b.#>..#.#
..........#.#### ..#. ##
##...######... ... ..
#...# ###########.# #.
#...###<........#.########
#.
#.^.....#######...##.....#
#. ....)....# #...##.....#
#. .........# #@.........#
#. .........#
#(..##.....######.
##...###.#
#.####.....##..... #....
..# #..((.).....#.....
#...# #.#
#..####..)..#....# #... ..
...... ###......###
####... ###..####. ##...
#####... ## #...


There were no monsters in sight!

Vanquished Creatures
  Jessica (D:2)
  An adder (D:2)
  A worm (D:2)
  A leopard gecko (D:1)
  3 giant cockroaches
  4 goblins (D:1)
  3 hobgoblins
  4 kobolds (D:1)
  A ball python (D:1)
  4 bats (D:1)
  A frilled lizard (D:1)
  4 rats (D:1)
28 creatures vanquished.

Notes
Turn   | Place    | Note
-------+----------+-------------------------------------------
     0 | Abyss:1  | MrRokkomies the Spriggan Abyssal Knight began the quest for
                  | the Orb.
     0 | Abyss:1  | Reached XP level 1. HP: 11/11 MP: 3/3
    62 | Abyss:2  | Noticed a smoke demon
    85 | Abyss:3  | Noticed a small abomination
   125 | Abyss:3  | Noticed a neqoxec
   142 | Abyss:3  | Noticed a red devil
   142 | Abyss:3  | Noticed a red devil
   142 | Abyss:3  | Noticed a red devil
   142 | Abyss:3  | Noticed a red devil
   175 | D:1      | Escaped the Abyss
   808 | D:1      | Reached * piety under Lugonu
   823 | D:1      | Reached XP level 2. HP: 11/16 MP: 4/4
   972 | D:1      | Reached skill level 1 in Stealth
  1722 | D:2      | Reached XP level 3. HP: 18/19 MP: 5/5
  1734 | D:2      | Noticed Jessica
  1750 | D:2      | Killed Jessica
  1750 | D:2      | Reached skill level 4 in Dodging
  1924 | D:2      | Succumbed to an adder's poison

Illustrated notes

Levels and vault maps discovered:
D:1:      minmay_arrival_four_loops, layout_loops_corners
D:2:      layout_loops_cross, lemuel_round_altar, xom_butterflies,
          chequers_ecumenical_altar_simple_redux, minmay_misc_feat_x,
          uniq_jessica

Skill      XL: |  1  2  3 |
---------------+----------+-----
Invocations    | 2 |  2.8
Stealth        | 1 2 |  2.1
Short Blades   | 3 |  3.2
Dodging        | 4 |  4.2
Fighting       | |  2.4

Action                   || total
-------------------------++-------
Melee: Dagger            ||   138
       Short sword       ||    13
Throw: Dart              ||    25
Invok: Depart the Abyss  ||     1
  Use: Scroll            ||     6
       Potion            ||     1
 Stab: Sleeping          ||    13
Armor: Robe              ||    10
Dodge: Dodged            ||   128

Table legend:
 A = Non-vault XP
 B = Vault XP
 C = Vault XP percentage of total XP
 D = Non-vault monster count
 E = Vault monster count
 F = Vault count percentage of total count
                 A         B        C        D         E       F
            +---------+---------+-------+---------+---------+-------
      Total |      58 |      37 |  38.9 |      27 |       1 |   3.6
            +---------+---------+-------+---------+---------+-------
        D:1 |      34 |       0 |   0.0 |      22 |       0 |   0.0
        D:2 |      24 |      37 |  60.7 |       5 |       1 |  16.7
            +---------+---------+-------+---------+---------+-------
